 Dungeon Crawl Stone Soup version 0.30-a0-1016-gfb0d676c02 (webtiles) character file.

Game seed: 14258019368069190273

227 vcosmic11 the Covered (level 6, -3/38 HPs)
             Began as a Gargoyle Fighter on Apr 6, 2023.
             Shot with an arrow by a centaur (7 damage)
             ... on level 4 of the Dungeon.
             The game lasted 00:06:34 (1382 turns).

vcosmic11 the Covered (Gargoyle Fighter)            Turns: 1382, Time: 00:06:35

Health: -3/38      AC: 14    Str: 22    XL:     6   Next: 2%
Magic:  6/6        EV:  8    Int:  8    God:
Gold:   74         SH:  4    Dex:  9    Spells: 5/5 levels left

rFire   . . .      SeeInvis .    a - +0 flail
rCold   . . .      Faith    .    c - +0 buckler
rNeg    + . .      Spirit   .    m - +0 chain mail
rPois   ∞          Reflect  .    (no helmet)
rElec   +          Rampage  .    (no cloak)
rCorr   .                        (no gloves)
Will    +....                    (no boots) Stlth
                                 (no amulet)
HPRegen 0.26/turn                h - ring of willpower
MPRegen 0.10/turn                (no ring)

@: no status effects
A: sickness immunity, AC +4, negative energy resistance 1, electricity
resistance, torment resistance 1, petrification resistance
a: no special abilities


You were on level 4 of the Dungeon.
You visited 1 branch of the dungeon, and saw 4 of its levels.

You collected 74 gold pieces.

Inventory:

Hand Weapons
 a - a +0 flail (weapon)
Armour
 c - a +0 buckler (worn)
 m - a +0 chain mail (worn)
Jewellery
 h - a ring of willpower (left hand)
Scrolls
 b - a scroll of poison {unknown}
 e - a scroll of identify
 f - a scroll of blinking
 i - a scroll of summoning {unknown}
 j - a scroll of enchant weapon {unknown}
Potions
 d - a potion of might
 g - 2 potions of curing {unknown}
 k - a potion of haste {unknown}


   Skills:
 + Level 4.1 Fighting
 + Level 3.4 Maces & Flails
 + Level 4.4 Armour
 + Level 1.1 Dodging
 + Level 0.5 Stealth
 + Level 4.4 Shields


You had 5 spell levels left.
You didn't know any spells.
Your spell library was empty.

Dungeon Overview and Level Annotations

Branches:
Dungeon (4/15)
 Temple: D:4-7

Altars:
Makhleb

Annotations:
D:4 Grinder


Innate Abilities, Weirdness & Mutations

You are immune to sickness and miasma.
Your stone body is resilient. (AC +4)
You are immune to poison.
You resist negative energy. (rN+)
You are resistant to electric shocks. (rElec)
You are resistant to unholy torment.
You are immune to petrification.


Message History

The centaur shoots an arrow.
The arrow hits you.
Grinder says, "Make like a tree!"
Grinder grins, showing sharp teeth.
You sock Grinder!
Grinder is lightly wounded.
The centaur wields a +0 shortbow.
The centaur shoots an arrow.
The arrow barely misses you.
Grinder grins, showing sharp teeth.
Grinder hits you but does no damage.
The centaur unwields a +0 shortbow.
You block the centaur's attack. The centaur barely misses you.
Unknown command.
You hit Grinder.
Grinder is moderately wounded.
You block Grinder's attack.
The centaur shoots an arrow.
The arrow barely misses you. The centaur closely misses you.
You block the centaur's attack. Grinder hits you but does no damage.
You sock Grinder!
Grinder is heavily wounded.
The centaur shoots an arrow.
The arrow barely misses you.
The centaur hits you but does no damage.
The centaur kicks you but does no damage.
The centaur shoots an arrow.
The arrow hits you.
You block the centaur's attack. x2; Grinder hits you.
Unknown command.
You barely miss Grinder.
Grinder is heavily wounded.
The centaur shoots an arrow.
The arrow hits you but does no damage.
The centaur hits you but does no damage.
The centaur closely misses you. Grinder barely misses you.
The centaur shoots an arrow.
The arrow hits you!
* * * LOW HITPOINT WARNING * * *
The centaur hits you but does no damage.
The centaur completely misses you.
Unknown command.
Grinder attacks as you move away! Grinder hits you.
* * * LOW HITPOINT WARNING * * *
You writhe in agony.
* * * LOW HITPOINT WARNING * * *
The centaur shoots an arrow.
The arrow hits you!
You die...

......##
##...###...###
######.###.#.###..###
# ##.#.##.##..##### #
##.###.###..#..## #
#.# #.# ##.....## #
#.# #.######.._∩# #
##.###.##..###..## #
#...##.......#### #
#.......5.@.# ###
#..##.##c..## ..#
#.##...##..# #.#
#.#..##.#c$# .# #....
....# # #.#.# .#..#
#.## ##..# # ...#


You could see Grinder and 2 centaurs.

Vanquished Creatures
  A black bear (D:4)
  A necrophage (D:4)
  An iguana (D:4)
  A hound skeleton (D:4)
  An orc (D:3)
  2 ball pythons
  2 bats
  3 endoplasms
  A giant cockroach (D:1)
  5 hobgoblins
  2 jackals (D:1)
  4 kobolds
  A quokka (D:1)
  2 frilled lizards
  A goblin (D:1)
  A rat (D:1)
29 creatures vanquished.

Vanquished Creatures (others)
  8 plants
8 creatures vanquished.

Grand Total: 37 creatures vanquished

Notes
Turn   | Place    | Note
-------+----------+-------------------------------------------
     0 | D:1      | vcosmic11 the Gargoyle Fighter began the quest for the Orb.
     0 | D:1      | Reached XP level 1. HP: 14/14 MP: 1/1
   140 | D:1      | Reached XP level 2. HP: 19/19 MP: 2/2
   552 | D:3      | Reached XP level 3. HP: 18/23 MP: 3/3
   679 | D:3      | Found a faded altar of an unknown god.
   819 | D:4      | Reached XP level 4. HP: 8/28 MP: 4/4
   917 | D:4      | Noticed a black bear
   927 | D:4      | HP: 1/28 [black bear (6)]
   928 | D:4      | Killed a black bear
   929 | D:4      | Reached skill level 1 in Dodging
   929 | D:4      | Reached XP level 5. HP: 2/33 MP: 5/5
  1115 | D:4      | Found a burning altar of Makhleb.
  1139 | D:4      | Reached XP level 6. HP: 24/38 MP: 6/6
  1370 | D:4      | Noticed Grinder
  1371 | D:4      | Paralysed by Grinder for 2 turns
  1382 | D:4      | Shot with an arrow by a centaur

Illustrated notes

Levels and vault maps discovered:
D:1:      dpeg_arrival_fog, layout_basic, minmay_tetromino_o2
D:2:      layout_basic, kennysheep_small_spiral, uniq_terence
D:3:      corexii_shack_village, layout_loops_ring,
          mainiacjoe_overflow_brackets, gammafunk_ghost_necromancy,
          ebering_ecumenical_altar_box
D:4:      layout_loops_ring, makhleb_blood_cavern_becter, chequers_big_river,
          minmay_manual_mares, uniq_grinder

Skill      XL: |  1  2  3  4 |
---------------+-------------+-----
Shields        | 4 |  4.4
Fighting       | 4 |  4.1
Maces & Flails | 3 |  3.4
Armour         | 4 |  4.4
Dodging        | 1 |  1.1
Stealth        | |  0.5

Action                     |  1- 3 |  4- 6 || total
---------------------------+-------+-------++-------
  Melee: Flail             |    77 |    33 ||   110
    Use: Scroll            |     3 |     1 ||     4
 Armour: Scale mail        |    61 |       ||    61
         Chain mail        |    18 |    35 ||    53
  Dodge: Dodged            |    64 |    24 ||    88
  Block: Buckler           |    46 |    13 ||    59

Table legend: (Time is in decaauts)
 A = Elapsed time spent in this place.
 B = Non-inter-level travel time spent in this place.
 C = Inter-level travel time spent in this place.
 D = Time resting spent in this place.
 E = Time spent auto-exploring this place.
 F = Levels seen in this place.
 G = Mean time per level.
                   A        B        C        D        E       F      G
               +--------+--------+--------+--------+--------+-----+--------+
         Total |   1416 |   1416 |      0 |    241 |    233 |   4 |  354.0 |
       Dungeon |   1416 |   1416 |      0 |    241 |    233 |   4 |  354.0 |
               +--------+--------+--------+--------+--------+-----+--------+

Top non-repeatable levels by time:
     D:4: 603 daAuts
     D:1: 493 daAuts
     D:3: 272 daAuts
     D:2: 46 daAuts
